 Dungeon Crawl Stone Soup version 0.22-a0-480-g991dd4b (webtiles) character file.

104 Galder the Digger (level 4, 0/24 HPs)
             Began as a Gargoyle Earth Elementalist on June 16, 2018.
             Was a Follower of Ashenzari.
             Slain by an adder (2 damage)
             ... on level 2 of the Dungeon.
             The game lasted 00:11:55 (1550 turns).

Galder the Digger (Gargoyle Earth Elementalist)     Turns: 1550, Time: 00:11:56

Health: 0/24       AC: 14    Str: 12    XL:     4   Next: 80%
Magic:  8/8        EV:  5    Int: 16    God:    Ashenzari [*.....]
Gold:   95         SH:  0    Dex: 10    Spells: 7/8 levels left

rFire    . . .     SeeInvis .   e - +0 mace
rCold    . . .     Gourm    .   (no shield)
rNeg     + . .     Faith    .   k - +0 storm dragon scales (curse)
rPois    ∞         Spirit   .   (no helmet)
rElec    +         Reflect  .   (no cloak)
rCorr    .         Harm     .   (no gloves)
MR       .....                  (no boots)
Stlth    ..........             (no amulet)
HPRegen  0.08/turn              (no ring)
MPRegen  0.11/turn              (no ring)

@: no status effects
A: negative energy resistance 1, electricity resistance, unbreathing,
petrification resistance, rot immunity, AC +3
a: Curse Item, Scrying, Renounce Religion


You were on level 2 of the Dungeon.
You worshipped Ashenzari.
Ashenzari was aware of your devotion.
You were hungry.

You visited 1 branch of the dungeon, and saw 3 of its levels.

You collected 95 gold pieces.

Inventory:

Hand Weapons
 a - a +0 hand axe
 e - a +0 mace (weapon)
 j - a +0 hunting sling of velocity
Missiles
 b - 75 stones (quivered)
Armour
 c - a +0 robe
 f - a +0 ring mail
 g - a +0 leather armour
 k - cursed +0 storm dragon scales (worn)
Scrolls
 h - a scroll of fog {unknown}
 i - a scroll of immolation {unknown}
 l - a scroll of teleportation {unknown}
 m - a scroll of enchant armour {unknown}
 n - a scroll of identify {unknown}
 p - a scroll of magic mapping {unknown}
Potions
 o - a potion of haste {unknown}
 q - a potion of lignification {unknown}
Comestibles
 d - 3 rations


   Skills:
 - Level 0.2(1.0) Axes
 + Level 1.8 Maces & Flails
 + Level 1.5 Armour
 - Level 1.6 Dodging
 + Level 3.0 Stealth
 + Level 2.6 Spellcasting
   Level 0.7 Transmutations
 + Level 4.3 Earth Magic


You had 7 spell levels left.
You knew the following spells:

 Your Spells              Type           Power        Failure   Level  Hunger
a - Sandblast             Erth           ###...       80%         1    #......

Your spell library contained the following spells:

 Spells                   Type           Power        Failure   Level  Hunger
 Stone Arrow              Conj/Erth      #.....       100%        3    ###....
 Passwall                 Tmut/Erth      ##......     99%         2    ##.....
 Lee's Rapid Deconstruct  Erth           ###.......   100%        5    ######.
 Petrify                  Tmut/Erth      ##......     100%        4    #####..


Dungeon Overview and Level Annotations

Branches:
Dungeon (3/15)

Altars:
Ashenzari
Uskayaw


Innate Abilities, Weirdness & Mutations

You are resistant to torment.
Your stone body is resilient. (AC +3)
You are immune to poison.
You resist negative energy. (rN+)
You are resistant to electric shocks. (rElec)
You can survive without breathing.
You are immune to petrification.
You are immune to rotting.


Message History

You barely miss the adder.
The adder is heavily wounded.
The adder bites you but does no damage. x2; The adder bites you.
* * * LOW HITPOINT WARNING * * *
You hit the adder but do no damage.
The adder is heavily wounded.
The adder bites you but does no damage. x2
You miss the adder.
The adder is heavily wounded.
The adder barely misses you. The adder bites you but does no damage.
The adder bites you.
* * * LOW HITPOINT WARNING * * *
You closely miss the adder.
The adder is heavily wounded.
The adder bites you but does no damage. x2
You miss the adder.
The adder is heavily wounded.
You feel yourself speed up.
The adder bites you but does no damage. x2; The adder bites you.
You die...

.....####..###
.....# #.....# #.#
....)# #.....# #$#
.....# #.....# #.#
.....###.....# #.#
..<...##.....# #.#
....>...###### #.#
8....##..#######S#
...#####....[...@#
...# ###########
...# ...# ####


You could see an adder.

Vanquished Creatures
  Terence (D:2)
  Natasha (D:2)
  An adder (D:2)
  2 oozes (D:1)
  A leopard gecko (D:1)
  2 giant cockroaches (D:1)
  6 goblins
  4 hobgoblins
  A ball python (D:1)
  6 bats (D:1)
  2 frilled lizards (D:1)
  5 kobolds
  4 rats
36 creatures vanquished.

Notes
Turn   | Place    | Note
-------+----------+-------------------------------------------
     0 | D:1      | Galder the Gargoyle Earth Elementalist began the quest for the Orb.
     0 | D:1      | Reached XP level 1. HP: 10/10 MP: 3/3
   229 | D:1      | Reached XP level 2. HP: 10/15 MP: 5/5
   246 | D:2      | Noticed Terence
   598 | D:1      | Reached skill level 1 in Maces & Flails
   692 | D:1      | Reached skill level 4 in Earth Magic
   704 | D:1      | Reached XP level 3. HP: 3/19 MP: 6/6
  1103 | D:2      | Found a faded altar of an unknown god.
  1120 | D:2      | Became a worshipper of Ashenzari the Shackled
  1120 | D:2      | Reached * piety under Ashenzari
  1430 | D:2      | Killed Terence
  1430 | D:2      | Reached skill level 1 in Armour
  1430 | D:2      | Reached XP level 4. HP: 20/24 MP: 7/7
  1442 | D:2      | Found a hide-covered altar of Uskayaw.
  1442 | D:2      | Noticed a hand axe
  1442 | D:2      | Noticed a dagger
  1525 | D:2      | Noticed Natasha
  1541 | D:2      | Killed Natasha
  1550 | D:2      | Slain by an adder

Vault maps used:
D:1:      dpeg_arrival_renting
D:2:      dancing_weapons_uskayaw, lemuel_doored_altar,
          chequers_ecumenical_altar_simple_redux, uniq_natasha, uniq_terence

Skill      XL: |  1  2  3  4 |
---------------+-------------+-----
Maces & Flails | 1 |  1.8
Earth Magic    | 4 |  4.3
Armour         | 1 |  1.5
Stealth        | 3 |  3.0
Axes           | |  0.2
Dodging        | |  1.6
Spellcasting   | |  2.6
Transmutations | |  0.7

Action                   |  1- 3 |  4- 6 || total
-------------------------+-------+-------++-------
Melee: Hand axe          |    19 |       ||    19
       Mace              |   148 |    35 ||   183
Throw: Stone             |     1 |       ||     1
 Cast: Sandblast         |     2 |       ||     2
 Stab: Sleeping          |     2 |       ||     2
  Eat: Chunk             |     2 |       ||     2
Armor: Robe              |    64 |       ||    64
       Storm dragon scal |    84 |    35 ||   119
Dodge: Dodged            |   133 |    10 ||   143

Table legend:
 A = Spawn XP
 B = Non-spawn XP
 C = Spawn XP percentage of total XP
 D = Spawn monster count
 E = Non-spawn monster count
 F = Spawn count percentage of total count
 G = Total turns spent on level
                    A         B        C        D         E        F      G
               +---------+---------+-------+---------+---------+-------+---------
         Total |       0 |     149 |   0.0 |       0 |      36 |   0.0 |  1550
               +---------+---------+-------+---------+---------+-------+---------
           D:1 |       0 |      58 |   0.0 |       0 |      29 |   0.0 |  1261
           D:2 |       0 |      91 |   0.0 |       0 |       7 |   0.0 |   285
               +---------+---------+-------+---------+---------+-------+---------
